 Dungeon Crawl Stone Soup version 0.28.0-45-g0d030f2227 (console) character file.

Game seed: 11864191116930800171

24219 Zeor the Archer (level 12, -4/115 HPs)
             Began as a Minotaur Hunter on Apr 15, 2022.
             Was a High Priest of Zin.
             Slain by a salamander (9 damage)
             ... in a volcano.
             The game lasted 00:46:45 (14831 turns).

Zeor the Archer (Minotaur Hunter)                  Turns: 14831, Time: 00:46:45

Health: -4/115     AC: 24    Str: 27    XL:     12   Next: 78%
Magic:  0/17       EV:  9    Int: 18    God:    Zin [*****.]
Gold:   552        SH:  0    Dex: 15    Spells: 11/11 levels left

rFire   + + .      SeeInvis .   b - +2 long sword (elec)
rCold   + . .      Faith    .   (no shield)
rNeg    . . .      Spirit   +   f - +4 plate armour
rPois   ∞          Reflect  .   M - +2 hat {Will+}
rElec   +          Harm     .   (no cloak)
rCorr   +          Rampage  .   C - +1 pair of gloves
Will    +....                   F - +0 pair of boots
Stlth   ..........              o - amulet of guardian spirit
HPRegen 0.29/turn               t - ring of the Empire {Contam rF+ Str+3 Int+7 Slay+4}
MPRegen 0.15/turn               B - ring of poison resistance

@: mighty, vitalised, resistant, on recite cooldown
A: horns 2, retaliatory headbutt
a: Renounce Religion, Recite, Vitalisation, Imprison, Sanctuary, Donate Gold


You were in a volcano.
You worshipped Zin.
Zin was extremely pleased with you.
You visited 3 branches of the dungeon, and saw 14 of its levels.
You also visited: Ossuary and Volcano.

You collected 766 gold pieces.
You donated 214 gold pieces to Zin.

Inventory:

Hand Weapons
 a - a +2 shortbow
 b - a +2 long sword of electrocution (weapon)
 c - a +1 short sword of holy wrath
 q - a +0 shortbow
 H - a +2 whip of flaming
 K - a +0 scimitar
Missiles
 d - 78 arrows
 A - 6 throwing nets (quivered)
Armour
 f - a +4 plate armour (worn)
 u - a +0 chain mail of cold resistance
 C - a +1 pair of gloves (worn)
 F - a +0 pair of boots (worn)
 M - a +2 hat of willpower (worn)
Jewellery
 e - an amulet of the acrobat
 h - a ring of protection from cold
 i - a +4 ring of protection
 j - a +6 ring of strength
 m - a ring of ice
 o - an amulet of guardian spirit (around neck)
 t - the ring of the Empire (left hand) {Contam rF+ Str+3 Int+7 Slay+4}
   (You found it on level 3 of the Dungeon)

   [ring of slaying]

   Str:       It affects your strength (+3).
   Int:       It affects your intelligence (+7).
   Slay:      It affects your accuracy & damage with ranged weapons and melee
   (+4).
   rF:        It protects you from fire.
   Contam:    It causes magical contamination when unequipped.
 B - a ring of poison resistance (right hand)
 J - a ring of positive energy
Wands
 l - a wand of charming (10)
 r - a wand of acid (9)
 x - a wand of flame (39)
 z - a wand of iceblast (15)
 D - a wand of mindburst (16)
Scrolls
 p - 4 scrolls of teleportation
 v - a scroll of blinking
 y - a scroll of fear
 N - a scroll of silence
Potions
 g - 2 potions of ambrosia
 k - 3 potions of curing
 n - a potion of cancellation
 s - 9 potions of brilliance
 G - 2 potions of heal wounds
 I - 2 potions of haste
 L - a potion of lignification {unknown}


   Skills:
 * Level 13.6 Fighting
 + Level 3.6(5.2) Short Blades
 + Level 6.1(6.7) Long Blades
 + Level 3.4 Maces & Flails
 + Level 13.7 Bows
 + Level 9.9 Armour
 + Level 3.5 Dodging
 - Level 0.7 Stealth
 + Level 2.1 Unarmed Combat
 * Level 8.9 Invocations


You had 11 spell levels left.
You didn't know any spells.
Your spell library contained the following spells:

 Spells                   Type           Power      Damage    Failure   Level
 Apportation              Tloc           0%         N/A       88%         1
 Shock                    Conj/Air       0%         1d3       88%         1
 Corpse Rot               Necr/Air       0%         N/A       96%         2
 Poisonous Vapours        Pois/Air       0%         N/A       96%         2
 Scorch                   Fire           0%         2d5       96%         2
 Swiftness                Air            0%         N/A       99%         3
 Airstrike                Air            0%         N/A       100%        4
 Dispel Undead            Necr           0%         3d6       100%        4
 Flame Wave               Conj/Fire      0%         2d4       100%        4
 Fulminant Prism          Conj/Hex       0%         3d6       100%        4
 Iskenderun's Mystic Bla  Conj/Tloc      0%         2d3       100%        4
 Alistair's Intoxication  Tmut/Pois      0%         N/A       100%        5
 Borgnjor's Vile Clutch   Necr/Erth      0%         N/A       100%        5
 Lee's Rapid Deconstruct  Erth           0%         3d5*      100%        5
 Death Channel            Necr           0%         N/A       100%        6
 Eringya's Noxious Bog    Tmut/Pois      0%         N/A       100%        6
 Summon Cactus Giant      Summ           0%         N/A       100%        6


Dungeon Overview and Level Annotations

Branches:
Dungeon (11/15)            Temple (1/1) D:4            Lair (2/6) D:11
    Orc (0/2) D:10        Ossuary (visited)         Volcano (1/1)
  Swamp: Lair:2-4    Shoals: Lair:2-4     Snake: Lair:2-4    Spider: Lair:2-4

Altars:
Ashenzari
Cheibriados
Dithmenos
Elyvilon
Fedhas
Gozag
Hepliaklqana
Kikubaaqudgha
Makhleb
Nemelex Xobeh
Okawaru
Ru
Sif Muna
Trog
Uskayaw
Vehumet
Wu Jian
Xom
Yredelemnul
Zin

Shops:
D:3 (   D:8 (

Portals:
Trove: D:11 (give +3 shadow dragon scales)


Innate Abilities, Weirdness & Mutations

You have a pair of horns on your head.
You reflexively headbutt those who attack you in melee.


Message History

The salamander hits you but does no damage. x2
The red draconian hits you but does no damage.
You slash the red draconian!
The red draconian is almost dead.
The salamander barely misses you.
The red draconian hits you but does no damage.
The salamander hits you from afar with a +0 glaive!
You are engulfed in flames.
You resist.
You slash the red draconian! You headbutt the red draconian.
You kill the red draconian!
The salamander hits you but does no damage. x2
You slash the salamander!
Lightning courses through the salamander!
The salamander is moderately wounded.
The salamander hits you but does no damage.
The salamander unwields a +0 shortbow of flaming.
It stops flaming.
The salamander closely misses you. x2
The salamander hits you from afar with a +0 trident.
* * * LOW HITPOINT WARNING * * *
You are engulfed in flames.
You resist.
* * * LOW HITPOINT WARNING * * *
You slash the salamander!
The salamander is heavily wounded.
The salamander closely misses you.
The salamander is lost in a daze.
The salamander hits you from afar with a +0 trident.
* * * LOW HITPOINT WARNING * * *
You are engulfed in flames.
You resist.
* * * LOW HITPOINT WARNING * * *
You slash the salamander!
The salamander is almost dead.
The salamander barely misses you.
The salamander is lost in a daze. x2
You hit the salamander.
The salamander is almost dead.
The salamander hits you from afar with a +0 glaive!
* * * LOW HITPOINT WARNING * * *
You are engulfed in flames.
You resist.
* * * LOW HITPOINT WARNING * * *
The salamander hits you but does no damage.
The salamander hits you!
You die...

≈≈§≈▒▒▒ ▒§
≈≈≈▒▒▒▒▒▒▒§≈§≈§▒
≈≈≈▒▒▒$!))$▒▒▒≈≈§▒▒
≈▒▒∙▒∙!∙!∙▒∙▒▒≈≈≈▒
▒∙∙'∙!∙!∙■∙∙▒§§≈▒▒ §
▒▒∙∙'∙∙▄∙∙■∙∙▒▒≈§≈▒▒
≈§§▒(∙(▒∙∙∙∙∙▒∙∙)▒§≈§≈§
≈≈§▒∙(N▒▒▒▒▒▒▒∙)∙▒§≈§≈≈≈
§§≈▒∙∙N)H∙∙∙['∙∙∙▒≈§≈≈§§
§≈§▒∙∙∙▒N∙≈∙∙▒∙∙∙▒§≈§§≈▒
§≈≈▒∙∙∙▒8≈≈≈8▒∙∙∙▒§§≈§▒▒
≈ ▒▒∙∙'∙∙≈∙∙'∙∙▒▒§≈≈≈▒
▒∙∙'∙∙∙∙∙'∙∙▒ ≈§§§▒
§▒▒∙▒8∙∙∙8▒)▒▒≈ §≈▒▒
§≈≈▒▒▒∙)∙∙∙▒▒▒≈§ ▒▒
▒≈≈≈≈§∙∙∙∙∙≈≈≈≈≈
▒▒≈≈≈§8∙∙∙8§§≈≈≈


You could see 3 salamanders.

Vanquished Creatures
  Gastronok (Lair:1)
  A red draconian (Volcano)
  Josephine (D:10)
  Harold (D:8)
  5 hydras
  A boulder beetle (Lair:2)
  A two-headed ogre (D:9)
  A salamander mystic (Volcano)
  Pikel (D:6)
  3 salamanders (Volcano)
  Maurice (D:8)
  Joseph (D:7)
  4 cane toads (Lair:1)
  A komodo dragon (Lair:1)
  Prince Ribbit (D:5)
  5 blink frogs (Lair:2)
  3 shadows
  16 yaks
  3 wyverns
  6 wraiths
  Eustachio (D:6)
  Grum (Lair:1)
  A basilisk (Lair:1)
  2 steam dragons
  2 acid dragons
  9 water moccasins
  A sky beast (D:6)
  5 orc warriors
  A black bear (Lair:2)
  2 necrophages
  18 wolves
  An ogre (D:6)
  5 centaurs
  2 lemures
  3 phantoms
  A gnoll sergeant (D:10)
  5 bullfrogs
  2 scorpions
  A water moccasin skeleton (D:4)
  9 killer bees
  A howler monkey (D:9)
  3 centaur zombies
  A bullfrog zombie (D:6)
  3 hounds
  A human zombie (Ossuary)
  9 orc priests
  A centaur skeleton (D:5)
  2 jellies
  3 iguanas (D:5)
  17 orc wizards
  8 ogre zombies (D:10)
  3 mummies (Ossuary)
  A howler monkey zombie (D:5)
  11 gnolls
  A howler monkey skeleton (D:7)
  4 adders
  A river rat (D:5)
  A white imp (D:6)
  A dart slug (D:1)
  40 orcs
  8 endoplasms
  2 giant cockroaches
  2 gnoll zombies (Ossuary)
  6 goblins
  7 hobgoblins
  4 jackals (D:4)
  6 kobolds
  A quokka (D:2)
  13 ball pythons
  8 bats
  3 frilled lizards
  A goblin skeleton (D:10)
  5 goblin zombies
  A hobgoblin skeleton (D:10)
  2 hobgoblin zombies (D:10)
  6 kobold zombies (Ossuary)
  3 orc skeletons (D:10)
  16 orc zombies (D:10)
  8 rats
343 creatures vanquished.

Vanquished Creatures (others)
  A wraith (D:10)
  A fungus (D:11)
  33 plants
35 creatures vanquished.

Grand Total: 378 creatures vanquished

Notes
Turn   | Place    | Note
-------+----------+-------------------------------------------
     0 | D:1      | Zeor the Minotaur Hunter began the quest for the Orb.
     0 | D:1      | Reached XP level 1. HP: 18/18 MP: 0/0
    83 | D:1      | Reached XP level 2. HP: 25/25 MP: 1/1
   120 | D:1      | Reached skill level 5 in Bows
   361 | D:1      | Reached XP level 3. HP: 30/30 MP: 2/2
  1854 | D:3      | Found a faded altar of an unknown god.
  1863 | D:3      | Identified the ring of the Empire {Contam rF+ Str+3 Int+7
                  | Slay+4}
  1977 | D:3      | Found Diang's Antique Weapon Boutique.
  1998 | D:3      | Reached XP level 4. HP: 35/37 MP: 3/3
  2290 | D:4      | Noticed a phantom
  2298 | D:4      | Killed a phantom
  2299 | D:4      | Reached XP level 5. HP: 36/44 MP: 4/4
  2388 | D:4      | Reached skill level 1 in Armour
  2572 | D:4      | Found a hide-covered altar of Uskayaw.
  2754 | D:4      | Reached XP level 6. HP: 51/51 MP: 5/5
  2802 | D:4      | Found a staircase to the Ecumenical Temple.
  2811 | Temple   | Entered the Ecumenical Temple
  2819 | Temple   | Became a worshipper of Zin the Law-Giver
  2819 | Temple   | Reached * piety under Zin
  3223 | D:5      | Entered Level 5 of the Dungeon
  3265 | D:5      | Reached skill level 1 in Invocations
  3292 | D:5      | Reached skill level 1 in Short Blades
  3301 | D:5      | Reached XP level 7. HP: 58/58 MP: 6/6
  3483 | D:5      | Reached ** piety under Zin
  3507 | D:5      | Found a glowing drain.
  3597 | D:5      | Found a sand-covered staircase.
  3602 | Ossuary  | Entered an ossuary
  3602 | Ossuary  | Noticed a wraith
  3602 | Ossuary  | Noticed a wraith
  3602 | Ossuary  | Noticed a wraith
  3859 | Ossuary  | Noticed a wraith
  3865 | Ossuary  | Killed a wraith
  3866 | Ossuary  | Reached XP level 8. HP: 54/67 MP: 7/9
  4002 | Ossuary  | Reached skill level 5 in Fighting
  4222 | D:5      | Noticed Prince Ribbit
  4241 | D:5      | Killed Prince Ribbit
  4569 | D:6      | Noticed Pikel
  4858 | D:6      | Noticed Eustachio
  4890 | D:6      | Killed Eustachio
  5335 | D:6      | Reached XP level 9. HP: 62/78 MP: 9/11
  5345 | D:6      | Killed Pikel
  5346 | D:6      | Reached skill level 10 in Bows
  5346 | D:6      | Reached skill level 5 in Armour
  6089 | D:6      | Found a bloodstained altar of Trog.
  6090 | D:6      | Found a shimmering blue altar of Sif Muna.
  6103 | D:6      | Reached skill level 1 in Unarmed Combat
  6167 | D:6      | Found an ornate altar of the Wu Jian Council.
  6706 | D:7      | Noticed Joseph
  6714 | D:7      | Killed Joseph
  6715 | D:7      | Reached skill level 1 in Maces & Flails
  6715 | D:7      | Reached skill level 5 in Invocations
  6760 | D:7      | Found a sacrificial altar of Ru.
  7169 | D:7      | Reached XP level 10. HP: 19/90 MP: 3/12
  7725 | D:8      | Donated 138 gold pieces to Zin
  7726 | D:8      | Reached *** piety under Zin
  7884 | D:8      | Noticed Harold
  7899 | D:8      | Killed Harold
  7903 | D:8      | Noticed Maurice
  7932 | D:8      | Killed Maurice
  8241 | D:8      | Found Reic's Antique Weapon Emporium.
  9081 | D:9      | Reached **** piety under Zin
  9519 | D:9      | Reached skill level 10 in Fighting
  9635 | D:9      | Noticed a two-headed ogre
  9644 | D:9      | Killed a two-headed ogre
  9723 | D:10     | Entered Level 10 of the Dungeon
  9723 | D:10     | Noticed Josephine
  9993 | D:10     | Reached XP level 11. HP: 98/101 MP: 14/14
 10024 | D:10     | Killed Josephine
 10380 | D:10     | Found a staircase to the Orcish Mines.
 10402 | D:10     | Reached ***** piety under Zin
 11003 | D:10     | Found an iron altar of Okawaru.
 11236 | D:11     | Found a portal to a secret trove of treasure.
 11238 | D:11     | Noticed a skeletal warrior
 11370 | D:11     | Found a staircase to the Lair.
 11477 | Lair:1   | Entered Level 1 of the Lair of Beasts
 11535 | Lair:1   | Noticed an eight-headed hydra
 11801 | Lair:1   | Noticed a seven-headed hydra
 11813 | Lair:1   | Killed a seven-headed hydra
 11838 | Lair:1   | Reached skill level 5 in Long Blades
 12440 | Lair:1   | Noticed Grum
 12450 | Lair:1   | Killed Grum
 12685 | Lair:1   | Noticed Gastronok
 12698 | Lair:1   | Killed Gastronok
 12699 | Lair:1   | Reached XP level 12. HP: 88/112 MP: 12/17
 13538 | Lair:1   | Noticed a seven-headed hydra
 13555 | Lair:1   | Killed a seven-headed hydra
 14383 | Lair:2   | Noticed a four-headed hydra
 14402 | Lair:2   | Killed a four-headed hydra
 14574 | Lair:2   | Noticed a seven-headed hydra
 14583 | Lair:2   | Killed a seven-headed hydra
 14603 | Lair:2   | Noticed a four-headed hydra
 14614 | Lair:2   | Killed a four-headed hydra
 14632 | Lair:2   | Found a dark tunnel.
 14640 | Lair:2   | Noticed a boulder beetle
 14667 | Lair:2   | Killed a boulder beetle
 14706 | Volcano  | Entered a volcano
 14738 | Volcano  | Found a radiant altar of Vehumet.
 14744 | Volcano  | Noticed a red draconian
 14827 | Volcano  | Killed a red draconian
 14831 | Volcano  | HP: 5/115 [salamander/+0 glaive (2)]
 14831 | Volcano  | Slain by a salamander

Illustrated notes

Levels and vault maps discovered:
D:1:      denvon_arrival_planthouse, layout_basic
D:2:      layout_rooms
D:3:      layout_rooms, hellmonk_ecumenical_altar_slurped_away, serial_shops,
          nicolae_shop_trees, glass_columns_a
D:4:      layout_loops_ring, nicolae_overflow_hidden_temple,
          lemuel_temple_firewalk_b
D:5:      kennysheep_spiral_hall, layout_basic, portal_sewer_entry_c,
          enter_ossuary_2, serial_corexii_hall, corexii_hall_statues_l,
          chequers_hall_statues_wall_a, uniq_prince_ribbit1
D:6:      layout_layer_cave, chequers_temple_overflow_statue_of_worship,
          uniq_eustachio, uniq_pikel
D:7:      layout_basic, mainiacjoe_overflow_cross_hatched, uniq_joseph
D:8:      layout_basic, serial_shops, shop_fountains, nicolae_benzene_ring,
          minmay_misc_feat_chi, uniq_maurice, uniq_harold
D:9:      layout_stronghold
D:10:     layout_irregular_city, lemuel_crystal_altar, zombieorc2_lemuel,
          uniq_josephine
D:11:     layout_irregular_city, minmay_lair_entry_grove,
          nicolae_trove_entry_isolated, nicolae_wooded_promenade
Temple:   nicolae_temple_x_marks_the_god
Lair:1:   wad_woods_structure_01, layout_layer_cave, serial_bayou_pond_b,
          columned_hall_lemuel, uniq_grum, uniq_gastronok
Lair:2:   minmay_lair_oklob_tunnel, layout_small_grid,
          nicolae_volcano_entry_lava_flow, serial_bayou_pond_c,
          lemuel_fruit_fields
Volcano:  kennysheep_volcano_temple

Skill      XL: |  1  2  3  4  5  6  7  8  9 10 11 12 |
---------------+-------------------------------------+-----
Bows           | 5 6 7 8 9 10 11 12 13 | 13.7
Fighting       | 3 4 6 8 10 12 13 | 13.6
Armour         | 1 2 4 5 7 8 9 |  9.9
Invocations    | 1 3 4 5 6 8 |  8.9
Short Blades   | 1 2 3 |  3.6
Unarmed Combat | 2 |  2.1
Dodging        | 3 |  3.5
Maces & Flails | 2 3 |  3.4
Long Blades    | 2 5 6 |  6.1
Stealth        | |  0.7

Action                   |  1- 3 |  4- 6 |  7- 9 | 10-12 || total
-------------------------+-------+-------+-------+-------++-------
Melee: Short sword       |     6 |    16 |    94 |    36 ||   152
       Headbutt          |     1 |     2 |    26 |    55 ||    84
       Whip              |       |       |    56 |    28 ||    84
       Unarmed           |       |       |    23 |       ||    23
       Punch             |       |       |     5 |     5 ||    10
       Long sword        |       |       |       |   186 ||   186
 Fire: Shortbow          |    92 |    72 |   167 |   394 ||   725
Invok: Recite            |       |       |     8 |     6 ||    14
       Vitalisation      |       |       |       |     3 ||     3
       Donate Gold       |       |       |       |     1 ||     1
  Use: Scroll            |     5 |     2 |     6 |    11 ||    24
       Potion            |       |       |     5 |     7 ||    12
 Stab: Confused          |       |       |       |     1 ||     1
Armor: Leather armour    |     4 |       |       |       ||     4
       Ring mail         |     2 |     3 |       |       ||     5
       Chain mail        |       |     4 |   103 |     3 ||   110
       Skin              |       |       |     8 |       ||     8
       Plate armour      |       |       |       |   396 ||   396
Dodge: Dodged            |    11 |     9 |   123 |   214 ||   357
